 Dungeon Crawl Stone Soup version 0.21.1-1-g345015f (webtiles) character file.

462 Kairos the Skirmisher (level 6, -11/49 HPs)
             Began as a Demonspawn Abyssal Knight on Mar 26, 2018.
             Was a Believer of Lugonu.
             Mangled by Duvessa
             ... wielding a +2 rapier of venom
              (12 damage)
             ... on level 4 of the Dungeon.
             The game lasted 00:08:12 (3367 turns).

Kairos the Skirmisher (Demonspawn Abyssal Knight)   Turns: 3367, Time: 00:08:13

Health: -11/49     AC:  3    Str: 15    XL:     6   Next: 79%
Magic:  8/8        EV: 11    Int: 13    God:    Lugonu [**....]
Gold:   246        SH:  0    Dex: 14    Spells: 5/5 levels left

rFire    + . .     SeeInvis .   u - +0 flail
rCold    . . .     Gourm    .   (no shield)
rNeg     . . .     Faith    .   y - +0 leather armour of Zimask {rF+ MR+} (curse)
rPois    .         Spirit   .   (helmet restricted)
rElec    .         Reflect  .   (no cloak)
rCorr    .         Harm     .   (no gloves)
MR       +....                  (no boots)
Stlth    +.........             (no amulet)
HPRegen  0.16/turn              k - +2 ring of strength
MPRegen  0.11/turn              (no ring)

@: lethally poisoned (-11 -> -25)
A: antennae 1, claws 1, talons 1, spiny 1
a: Depart the Abyss, Bend Space, Renounce Religion


You were on level 4 of the Dungeon.
You worshipped Lugonu.
Lugonu was pleased with you.
You were not hungry.

You visited 1 branch of the dungeon, and saw 4 of its levels.
You visited the Abyss 1 time.

You collected 246 gold pieces.

Inventory:

Hand Weapons
 a - a +1 mace
 u - a +0 flail (weapon)
Armour
 b - a +0 leather armour
 f - a +0 plate armour
 y - the cursed +0 leather armour of Zimask (worn) {rF+ MR+}
   (You found it on level 4 of the Dungeon)

   It protects you from fire.
   It affects your resistance to hostile enchantments.
   It has a curse placed upon it.
Jewellery
 k - a +2 ring of strength (left claw)
Wands
 q - a wand of polymorph (4)
Scrolls
 d - 7 scrolls of teleportation
 h - 2 scrolls of fog
 i - 6 scrolls of identify
 p - 4 scrolls of enchant weapon
 r - a scroll of fear {unknown}
 t - a scroll of enchant armour {unknown}
 x - a scroll of remove curse
Potions
 e - 2 potions of haste {unknown}
 j - 3 potions of heal wounds {unknown}
 l - a potion of berserk rage {unknown}
 m - 3 potions of might {unknown}
 n - 4 potions of curing
 o - 2 potions of resistance {unknown}
 s - 2 potions of lignification {unknown}
 w - a potion of ambrosia {unknown}
Books
 g - a book of Flames

   Spells                             Type                      Level
   a - Flame Tongue                   Conjuration/Fire             1
   b - Throw Flame                    Conjuration/Fire             2
   c - Conjure Flame                  Conjuration/Fire             3
   d - Inner Flame                    Hexes/Fire                   3
   e - Sticky Flame                   Conjuration/Fire             4
   f - Fireball                       Conjuration/Fire             5
Comestibles
 c - 7 rations


   Skills:
 + Level 4.7 Fighting
 + Level 4.6 Maces & Flails
 + Level 3.6 Armour
 + Level 1.0 Dodging
 + Level 2.8 Invocations


You had 5 spell levels left.
You didn't know any spells.

Dungeon Overview and Level Annotations

Branches:
Dungeon (4/15)
 Temple: D:4-7

Altars:

Annotations:
D:4 Duvessa


Innate Abilities, Weirdness & Mutations

You have a pair of small antennae on your head.
You have sharp fingernails.
You have sharp toenails.
You are partially covered in sharp spines.


Message History

Duvessa looks more energetic.
You hit Duvessa. You claw Duvessa, but do no damage.
Duvessa is heavily wounded.
You feel sick.
Duvessa hits you with a rapier of venom!
* * * LOW HITPOINT WARNING * * *
You are more poisoned.
You closely miss Duvessa.
Duvessa is heavily wounded.
* * * LOW HITPOINT WARNING * * *
You feel sick. Duvessa is struck by your spines. Duvessa closely misses you.
Unknown command.
Aiming: Polymorph
Press: ? - help, Shift-Dir - straight line, f - Duvessa
Aim: Duvessa, wielding a rapier of venom and wearing a shiny scale mail (severely wounded, chance to defeat MR: 28%) Duvessa easily resists.
* * * LOW HITPOINT WARNING * * *
You feel sick. Duvessa is struck by your spines.
Duvessa hits you with a rapier of venom!
You die...

.# #...#...........#
.######...#...........#
..........#e..........#
.......>..he.....######
###...#.######...#
..'...')######...##
###...##..e..#....# #
#...#....#.#.e..##
#######....#.#†#@..#
....# #....#e#e#.#.#
###.# ##+###.#.#...#
.##.#### #.#.##..#
.......# #.......######
###....# #...#.#......#
###)...# #...#.#..###.#
......## .....#...>..#.#
......###############.#.#


You could see Duvessa.

Vanquished Creatures
  Dowan (D:4)
  2 orc priests (D:3)
  A bullfrog skeleton (D:4)
  Natasha (thrice) (D:1)
  3 worker ants (D:4)
  7 adders
  2 oozes
  2 worms
  A dart slug (D:1)
  4 leopard geckos
  11 orcs
  2 giant cockroaches (D:2)
  9 goblins
  10 hobgoblins
  11 jackals
  7 kobolds
  A quokka (D:2)
  7 bats
  3 frilled lizards
  6 rats
93 creatures vanquished.

Notes
Turn   | Place    | Note
-------+----------+-------------------------------------------
     0 | Abyss:1  | Kairos the Demonspawn Abyssal Knight began the quest for the Orb.
     0 | Abyss:1  | Reached XP level 1. HP: 18/18 MP: 2/2
    90 | Abyss:1  | Noticed a smoke demon
   149 | Abyss:1  | Noticed a wretched star
   193 | D:1      | Escaped the Abyss
   650 | D:1      | Gained mutation: You have a pair of small antennae on your head. [demonic ancestry]
   650 | D:1      | Reached XP level 2. HP: 24/24 MP: 3/3
   664 | D:1      | Reached * piety under Lugonu
   969 | D:1      | Gained mutation: You are partially covered in sharp spines. [demonic ancestry]
   969 | D:1      | Reached XP level 3. HP: 29/29 MP: 5/5
  1067 | D:2      | Noticed Natasha
  1080 | D:1      | Killed Natasha
  1722 | D:1      | Noticed Natasha
  1730 | D:1      | Killed Natasha
  1730 | D:1      | Reached skill level 1 in Dodging
  1730 | D:1      | Reached XP level 4. HP: 31/37 MP: 6/6
  1757 | D:1      | Noticed Natasha
  1764 | D:1      | Killed Natasha
  2166 | D:2      | Gained mutation: You have sharp fingernails. [demonic ancestry]
  2166 | D:2      | Reached XP level 5. HP: 42/42 MP: 7/7
  2197 | D:2      | Reached ** piety under Lugonu
  3015 | D:3      | Gained mutation: You have sharp toenails. [demonic ancestry]
  3015 | D:3      | Reached XP level 6. HP: 45/48 MP: 8/8
  3223 | D:4      | Got a jewelled leather armour
  3234 | D:4      | Identified the cursed +0 leather armour of Zimask {rF+ MR+} (You found it on level 4 of the Dungeon)
  3312 | D:4      | Noticed Dowan
  3313 | D:4      | Noticed Duvessa
  3336 | D:4      | Killed Dowan
  3366 | D:4      | HP: 2/49 [poisoned by Duvessa]
  3367 | D:4      | Mangled by Duvessa

Skill      XL: |  1  2  3  4  5 |
---------------+----------------+-----
Armour         | 2 3 |  3.6
Maces & Flails | 2 3 4 |  4.6
Dodging        | 1 |  1.0
Fighting       | 4 |  4.7
Invocations    | |  2.8

Action                   |  1- 3 |  4- 6 || total
-------------------------+-------+-------++-------
Melee: Mace              |    82 |    74 ||   156
       Flail             |       |    91 ||    91
       Kick              |       |    15 ||    15
Invok: Depart the Abyss  |     1 |       ||     1
Evoke: Wand              |       |     1 ||     1
  Use: Scroll            |       |     5 ||     5
  Eat: Chunk             |     1 |     7 ||     8
Armor: Plate armour      |    69 |   101 ||   170
       Leather armour    |     2 |     4 ||     6
Dodge: Dodged            |    19 |    40 ||    59
